AoeStats
← OG.faker

Arena

510112640Analyzed
4v4 RM · 2d ago on Sep 29, 2026· 44m 58s· 8 players
Game mode
Random Map
Map size
Large (8 player)
Population
200
Speed
Normal
Resources
Standard
Victory
Conquest
Starting age
Dark Age
Ending age
Imperial Age
RankedLock teamsTeams togetherTeam positionsShared explorationLock speedFull tech treeHidden civsTurbo modeCheats
Victory
Defeat
🇭🇰 Slavs · Hong Kong SAR China
1164
+14
🇨🇳 Bohemians · China
1139
+15
🇨🇳 Franks · China
1138
+15
🇨🇳 Italians · China
1012
+21
🇹🇼 Danes · Taiwan
1130
-16
🇨🇳 Georgians · China
1127
-17
🇪🇸 Britons · Spain
1117
-16
🇵🇪 Bohemians · Peru
1102
-16
marshall_o18
0:48 Loom
10:35 Feudal Age
16:29 Castle Age
15:21 Double-Bit Axe
29:14 Imperial Age
28:26 Chemistry
27:23 Pikeman
28:04 Squires
28:34 Arson
28:59 Scale Mail Armor
34:50 Horse Collar
37:29 Padded Archer Armor
37:20 Fletching
37:19 Halberdier
42:58 Leather Archer Armor
42:38 Bodkin Arrow
mydogqmi
10:30 Feudal Age
12:34 Loom
15:14 Castle Age
13:54 Double-Bit Axe
13:52 Horse Collar
18:52 Bow Saw
22:11 Forging
25:46 Wheelbarrow
27:51 Heavy Plow
28:16 Hamask
29:21 Squires
29:06 Arson
29:08 Gambesons
30:01 Hand Cart
29:39 Gold Mining
29:40 Stone Mining
30:08 Scale Mail Armor
30:43 Iron Casting
31:08 Town Watch
33:22 Padded Archer Armor
33:12 Fletching
33:06 Elite Skirmisher
34:50 Ballistics
34:28 Bodkin Arrow
34:49 Leather Archer Armor
36:33 Thumb Ring
36:39 Pikeman
Basa El Grande
5:43 Loom
9:53 Feudal Age
10:58 Double-Bit Axe
14:58 Castle Age
13:13 Horse Collar
15:37 Wheelbarrow
16:39 Bow Saw
17:39 Heavy Plow
23:24 Stone Mining
24:44 Gold Mining
25:24 Hand Cart
29:35 Imperial Age
27:49 Gold Shaft Mining
27:07 Fletching
27:46 Bodkin Arrow
27:53 Padded Archer Armor
28:00 Murder Holes
27:47 Treadmill Crane
28:32 Ballistics
27:57 Crossbowman
29:31 Leather Archer Armor
29:27 Forging
29:18 Scale Mail Armor
28:54 Pikeman
29:36 Squires
29:25 Arson
31:24 Two-Man Saw
30:28 Bracer
31:07 Conscription
30:49 Warwolf
31:36 Ring Archer Armor
31:50 Iron Casting
31:06 Arbalester
32:51 Chain Mail Armor
37:02 Plate Mail Armor
38:11 Halberdier
xiweb
10:34 Feudal Age
12:04 Double-Bit Axe
14:41 Castle Age
12:40 Horse Collar
21:33 Bow Saw
21:28 Stone Mining
23:09 Wheelbarrow
23:05 Loom
29:10 Imperial Age
27:03 Hand Cart
27:04 Gold Mining
27:49 Stone Shaft Mining
27:47 Bloodlines
28:24 Forging
28:20 Scale Barding Armor
28:19 Treadmill Crane
29:01 Ballistics
29:48 Iron Casting
29:19 Husbandry
29:32 Masonry
29:37 Fletching
30:18 Conscription
30:37 Chain Barding Armor
32:20 Blast Furnace
31:31 Bodkin Arrow
32:45 Murder Holes
34:29 Chemistry
33:38 Arrowslits
33:43 Guard Tower
34:40 Hoardings
36:38 Architecture
36:23 Padded Archer Armor
37:18 Keep
37:26 Bracer
37:10 Elite Skirmisher
38:50 Svan Towers
39:25 Leather Archer Armor
39:25 Elite Monaspa
44:58 Aznauri Cavalry
MasterXuanyi
11:07 Feudal Age
14:52 Castle Age
12:52 Double-Bit Axe
13:14 Horse Collar
16:16 Bow Saw
18:00 Loom
23:48 Wheelbarrow
23:08 Gold Mining
23:42 Heavy Plow
23:59 Stone Mining
25:18 Gold Shaft Mining
29:18 Imperial Age
26:37 Man-at-Arms
27:18 Squires
27:37 Fortified Wall
27:59 Scale Mail Armor
28:37 Hand Cart
28:10 Long Swordsman
29:15 Forging
29:23 Two-Handed Swordsman
30:29 Conscription
31:04 Chain Mail Armor
31:25 Iron Casting
30:47 Town Watch
31:17 Detinets
30:54 Champion
32:38 Plate Mail Armor
33:29 Crop Rotation
34:03 Two-Man Saw
33:28 Scale Barding Armor
34:25 Blast Furnace
32:59 Pikeman
34:28 Bloodlines
34:18 Husbandry
33:51 Light Cavalry
34:28 Halberdier
35:21 Hussar
36:49 Chain Barding Armor
37:20 Druzhina
40:03 Plate Barding Armor
40:46 Town Patrol
41:33 Capped Ram
43:13 Siege Ram
Kobe-Bryant
5:32 Loom
10:44 Feudal Age
11:46 Double-Bit Axe
17:17 Castle Age
20:12 Bow Saw
25:38 Wheelbarrow
26:40 Bow Saw
26:52 Gold Mining
28:29 Hand Cart
28:34 Scale Barding Armor
34:23 Imperial Age
32:41 Gold Shaft Mining
32:00 Stone Mining
34:17 Chain Barding Armor
34:10 Forging
34:26 Husbandry
35:47 Conscription
35:29 Chivalry
35:23 Cavalier
37:19 Plate Barding Armor
37:20 Iron Casting
36:41 Pikeman
37:22 Squires
37:07 Arson
37:55 Halberdier
40:28 Blast Furnace
39:46 Paladin
41:14 Scale Mail Armor
43:21 Chain Mail Armor
45:13 Plate Mail Armor
OG.faker
9:55 Feudal Age
10:46 Double-Bit Axe
14:33 Castle Age
18:47 Fervor
22:26 Wheelbarrow
27:37 Imperial Age
27:11 Hand Cart
28:30 Chemistry
28:16 Bow Saw
29:48 Padded Archer Armor
30:23 Conscription
30:29 Wagenburg Tactics
32:02 Leather Archer Armor
33:39 Houfnice
34:33 Elite Hussite Wagon
36:08 Ring Archer Armor
35:48 Forging
35:38 Scale Mail Armor
36:56 Siege Engineers
37:02 Masonry
38:36 Pikeman
39:16 Squires
43:15 Halberdier
44:56 Chain Mail Armor
45:16 Iron Casting
Rex Incognito
10:00 Feudal Age
13:43 Castle Age
12:15 Double-Bit Axe
12:12 Horse Collar
22:53 Wheelbarrow
23:00 Bow Saw
24:16 Gold Mining
24:18 Stone Mining
24:58 Heavy Plow
27:45 Imperial Age
25:39 Fletching
25:49 Padded Archer Armor
26:11 Ballistics
26:39 Bodkin Arrow
26:27 Treadmill Crane
26:35 Loom
27:05 Hand Cart
27:31 Hand Cart
26:43 Crossbowman
27:29 Thumb Ring
28:04 Leather Archer Armor
28:03 Capped Ram
28:57 Bracer
28:34 Arbalester
31:59 Chemistry
32:39 Guilds
32:59 Elite Skirmisher
40:10 Conscription
40:28 Fortified Wall
41:42 Ring Archer Armor
41:24 Scale Mail Armor
41:34 Forging
42:28 Pikeman
43:24 Chain Mail Armor
Connection lost

Rejoining the realm…

Still unreachable

The connection could not be restored.

Session expired

The server has moved on; the page needs a fresh start.